 Dungeon Crawl Stone Soup version 0.17.1-3-g152610e (webtiles) character file.

142615 Jerry the Tortoise (level 16, -7/147 HPs)
             Began as a Minotaur Warper on Apr 1, 2016.
             Was the Champion of the Shining One.
             Killed by divine providence
             ... invoked by a daeva
              (10 damage)
             ... on level 1 of the Abyss on Apr 2, 2016.
             The game lasted 04:53:24 (32700 turns).

Jerry the Tortoise (Minotaur Warper)               Turns: 32700, Time: 04:53:24

Health: -7/147     AC: 38    Str: 19    XL:     16   Next: 80%
Magic:  0/21       EV: 15    Int: 14    God:    the Shining One [******]
Gold:   2715       SH: 16    Dex: 14    Spells: 2 memorised, 13 levels left

rFire  + . .     SeeInvis .     O - +3 sacred scourge (holy)
rCold  . . .     Clarity  .     A - +8 chain mail of the Sun {rCorr Int+6}
rNeg   + + +     SustAt   .     V - +0 shield
rPois  .         Gourm    .     R - +1 hat
rElec  .         Spirit   +     m - +2 cloak
rCorr  +         Warding  .     u - +1 pair of gloves
rMut   .         Stasis   .     t - +2 pair of boots
MR     +....                    P - amulet "Dicko" {Spirit rF+}
Stlth  ..........               n - +5 ring of protection
                                o - ring of wizardry

@: divine shield, about to teleport, glowing, somewhat resistant to hostile
enchantments, extremely unstealthy
A: retaliatory headbutt, horns 2, blurry vision 3, deterioration 2, dopey 1, low
mp 1, robust 1, subdued magic 1
a: Divine Shield, Cleansing Flame, Summon Divine Warrior, Renounce Religion


You were on level 1 of the Abyss.
You worshipped the Shining One.
The Shining One was exalted by your worship.
You were hungry.

You visited 4 branches of the dungeon, and saw 25 of its levels.
You visited the Abyss 1 time.
You also visited: Labyrinth and Ossuary.

You collected 3057 gold pieces.
You spent 342 gold pieces at shops.

Inventory:

Hand Weapons
 r - a +3 whip of electrocution
 H - a cursed -1 mace
 O - a +3 sacred scourge of holy wrath (weapon)
 S - a +0 morningstar of distortion
Missiles
 e - 8 javelins of returning (quivered)
 Z - 3 exploding tomahawks
Armour
 m - a +2 cloak (worn)
 t - a +2 pair of boots (worn)
 u - a +1 pair of gloves (worn)
 y - the +1 ring mail "Wetofoyw" {rElec}
   (You found it on level 4 of the Lair of Beasts)

   It insulates you from electricity.
 A - the +8 chain mail of the Sun (worn) {rCorr Int+6}
   (You bought it in a shop on level 1 of the Elven Halls)

   It affects your intelligence (+6).
   It protects you from acid and corrosion.
 D - a +2 large shield
 F - a +1 ring mail of poison resistance
 R - a +1 hat (worn)
 V - a +0 shield (worn)
Jewellery
 n - a +5 ring of protection (right hand)
 o - a ring of wizardry (left hand)
 P - the amulet "Dicko" (around neck) {Spirit rF+}
   (You found it on level 12 of the Dungeon)

   [amulet of guardian spirit]

   It causes incoming damage to be split between your health and magic.
   It protects you from fire.
 U - an uncursed amulet of rage
Wands
 c - a wand of teleportation (4)
 s - a wand of fire (7)
Scrolls
 d - 6 scrolls of blinking
 g - 11 scrolls of teleportation
 h - 4 scrolls of fog
 k - 3 scrolls of identify
 l - a scroll of brand weapon
 q - 7 scrolls of remove curse
 G - a scroll of amnesia
 L - 3 scrolls of enchant armour
 Q - 2 scrolls of recharging
 W - 3 scrolls of magic mapping
Potions
 a - 3 potions of cancellation
 j - a potion of brilliance
 p - a potion of ambrosia {unknown}
 v - a potion of magic {unknown}
 w - 4 potions of haste
 z - 5 potions of flight
 B - a potion of berserk rage {unknown}
 C - 4 potions of resistance
 I - a potion of cure mutation
 K - 2 potions of might
 T - a potion of agility {unknown}
Miscellaneous
 E - a box of beasts
 M - a legendary deck of war {drawn: 2}
Comestibles
 f - 18 bread rations
 i - 12 meat rations
 x - 17 fruits
 J - 5 beef jerkies
 N - 3 slices of pizza


   Skills:
 - Level 10.0 Fighting
 + Level 14.9 Maces & Flails
 - Level 1.5 Throwing
 + Level 17.2 Armour
 + Level 13.9 Dodging
 - Level 15.0 Shields
 - Level 1.3 Spellcasting
 - Level 2.0 Charms
 - Level 4.0 Translocations
 * Level 12.0 Invocations


You had 13 spell levels left.
You knew the following spells:

 Your Spells              Type           Power        Failure   Level  Hunger
b - Blink                 Tloc           N/A          11%         2    ###....
c - Shroud of Golubria    Chrm/Tloc      #.........   24%         2    ###....


Dungeon Overview and Level Annotations

Branches:
Dungeon (12/15)            Temple (0/1) D:7            Lair (8/8) D:8
 Shoals (0/4) Lair:6        Snake (0/4) Lair:6        Slime (0/6) Lair:7
    Orc (4/4) D:12            Elf (1/3) Orc:4

Altars:
Cheibriados
Fedhas
Gozag
Makhleb
Nemelex Xobeh
Okawaru
Qazlal
Sif Muna
Trog
Xom
Yredelemnul
Zin
The Shining One
Beogh

Shops:
Orc:1 (   Orc:4 *}[=   Elf:1 *

Portals:
Hell: Lair:8


Innate Abilities, Weirdness & Mutations

You reflexively headbutt those who attack you in melee.
You have a pair of horns on your head.
Your magical capacity is low (-10% MP).
You are robust (+10% HP).
[Scrolls take you much longer to read.]
[Your body often deteriorates upon taking damage.]
[You are dopey. (Int -2)]
[Your spells are a little easier to cast, but a little less powerful.]


Message History

Your daeva hits the red devil with a long sword of holy wrath.
The red devil dies!
The Shining One accepts your kill.
Your daeva hits the red devil with a long sword of holy wrath!
The red devil convulses.
Your daeva hits the red devil but does no damage.
Your daeva calls down the wrath of the Shining One upon the red devil.
The red devil is smitten.
Your daeva calls down the wrath of the Shining One upon the red devil.
The red devil is smitten.
The red devil dies!
The Shining One accepts your kill.
The daeva calls down the wrath of the Shining One upon you.
Something smites you!
* * * LOW HITPOINT WARNING * * *
Your daeva hits the daeva with a long sword of holy wrath!
Your daeva hits the daeva with a long sword of holy wrath.
The daeva calls down the wrath of the Shining One upon you.
Something smites you!
You die...

.... ....
................
................
...............
... .......... .
....##......# ...
.))##......##....
...AA).>..........
..........@.......
..................
..................
..................
..................
....##......##....
....##......# ....
............. ...
. . ... ...


You could see a daeva and a friendly daeva.

Vanquished Creatures
  A tentacled monstrosity (Abyss:1)
  A lich (Abyss:1)
  5 tentacled starspawn (Abyss:1)
  A deep elf sorcerer (Elf:1)
  Maud (Lair:4)
  An orc warlord (Orc:4)
  2 dire elephants (Lair:8)
  Azrael (Orc:4)
  An ettin (Orc:4)
  Snorg (D:10)
  A minotaur (Lab)
  A blizzard demon (Abyss:1)
  Josephine (D:11)
  A deep elf high priest (Elf:1)
  Harold (Orc:1)
  A hydra (shapeshifter) (D:12)
  A hell beast (Lair:8)
  Erolcha (Orc:1)
  A rakshasa (Abyss:1)
  8 hydras
  Erica (D:8)
  A catoblepas (Lair:8)
  A centaur warrior (D:11)
  10 death yaks (Lair:7)
  A thrashing horror (Abyss:1)
  2 ogre magi (Orc:4)
  An orc high priest (Orc:4)
  Nergalle (D:11)
  A deep elf knight (D:12)
  3 wretched stars (Abyss:1)
  A wizard (Lair:8)
  A titan skeleton (Abyss:1)
  2 deep trolls (Orc:4)
  A flayed ghost (D:12)
  3 hill giants
  A lindwurm (Lair:5)
  3 deep elf conjurers
  2 orc sorcerers
  2 oklob plants
  A sixfirhy (Abyss:1)
  A manticore (D:11)
  An ugly thing (D:12)
  A worldbinder (Abyss:1)
  4 cyclopes
  A griffon (Lair:7)
  22 elephants
  Maurice (D:8)
  18 spiny frogs
  A gargoyle (D:11)
  2 smoke demons (Abyss:1)
  2 torpor snails (Lair:7)
  10 black mambas
  5 orange demons
  11 komodo dragons
  A yaktaur (D:12)
  2 fire drakes
  4 blue devils (Lair:8)
  An ancient zyme (Abyss:1)
  A deep elf priest (Orc:4)
  3 hellwings
  A tengu conjurer (D:12)
  A polar bear (Lair:6)
  The ghost of riffraff the Shield-Bearer, an amateur MiFi (Ossuary)
  A two-headed ogre (shapeshifter) (D:12)
  2 red devils (Lair:8)
  7 two-headed ogres
  A polar bear (shapeshifter) (Abyss:1)
  2 boulder beetles
  7 small abominations (Abyss:1)
  25 blink frogs
  2 raiju (Abyss:1)
  9 trolls
  2 ynoxinuls (Abyss:1)
  2 starcursed masses (Abyss:1)
  8 wraiths
  A spriggan (Lair:5)
  6 deep elf fighters
  3 fire elementals (Orc:4)
  4 hungry ghosts
  4 deep elf magi
  3 wyverns
  A shadow (D:12)
  Eustachio (D:5)
  54 yaks
  3 basilisks
  2 wargs (Orc:4)
  Grum (D:11)
  9 hippogriffs
  The ghost of Zeloya the Cudgeler, an amateur KoFi of Okawaru (D:3)
  A soldier ant (D:12)
  23 wolves
  2 sky beasts
  19 water moccasins
  3 ice beasts
  2 black bears
  A hell hound (Orc:4)
  9 porcupines
  2 phantoms
  3 large abominations (Abyss:1)
  An eye of draining (Abyss:1)
  2 wasps
  26 ogres
  14 orc warriors
  A necrophage (D:9)
  11 centaurs
  2 big kobolds
  30 crocodiles
  21 giant frogs
  5 scorpions
  10 killer bees
  2 wights
  An electric eel (Lair:7)
  A centaur zombie (D:6)
  7 crimson imps
  2 giant frog zombies
  14 orc priests
  2 quasits (Abyss:1)
  A wasp zombie (D:12)
  8 jellies
  23 orc wizards
  8 centaur skeletons
  6 hounds
  2 iron imps (Abyss:1)
  8 iguanas
  7 worker ants
  28 sheep
  9 mummies
  A worker ant zombie (D:5)
  Robin (D:4)
  46 river rats
  3 gnolls (D:4)
  12 white imps (D:12)
  26 adders
  5 shadow imps
  An ufetubus (Abyss:1)
  An adder zombie (D:5)
  4 oozes
  3 worms
  An adder skeleton (D:5)
  8 giant geckos
  135 orcs
  10 bats
  5 giant cockroaches
  16 hobgoblins
  5 jackals
  4 quokkas
  4 ball pythons
  A giant gecko skeleton (D:7)
  A giant gecko zombie (D:7)
  A giant newt (D:2)
  2 gnoll zombies (D:5)
  22 goblins
  A goblin zombie (D:4)
  3 hobgoblin zombies (Ossuary)
  A jackal skeleton (D:5)
  18 kobolds
  3 kobold zombies (Ossuary)
  3 orc zombies
  A quokka skeleton (D:8)
  8 rats
  A bush (Lair:4)
  A fungus (Lair:8)
  A lurking horror (Abyss:1)
  3 plants (Lair:8)
  2 starspawn tentacles (Abyss:1)
1008 creatures vanquished.

Vanquished Creatures (collateral kills)
  A lich (Abyss:1)
  2 tentacled starspawn (Abyss:1)
  A daeva (Abyss:1)
  2 balrugs (Abyss:1)
  2 very ugly things (Abyss:1)
  A black draconian (Abyss:1)
  A lorocyproca (Abyss:1)
  A green death (Abyss:1)
  3 thrashing horrors (Abyss:1)
  2 wretched stars (Abyss:1)
  An ice devil (Abyss:1)
  A flayed ghost (Abyss:1)
  A sun demon (Abyss:1)
  6 large abominations (Abyss:1)
  2 orange demons (Abyss:1)
  4 smoke demons (Abyss:1)
  A guardian serpent (Abyss:1)
  An apocalypse crab (Abyss:1)
  A hellion (Abyss:1)
  An efreet (Abyss:1)
  A demonic crawler (Abyss:1)
  3 red devils (Abyss:1)
  6 hellwings (Abyss:1)
  7 ancient zymes (Abyss:1)
  4 raiju (Abyss:1)
  2 ynoxinuls (Abyss:1)
  An ettin skeleton (Abyss:1)
  2 fire bats (Abyss:1)
  A fire dragon skeleton (Abyss:1)
  2 neqoxecs (Abyss:1)
  2 chaos spawn (Abyss:1)
  2 hell hounds (Abyss:1)
  An ice dragon simulacrum (Abyss:1)
  A starcursed mass (Abyss:1)
  An eye of draining (Abyss:1)
  An earth elemental (Abyss:1)
  7 small abominations (Abyss:1)
  An iron imp (Abyss:1)
  2 white imps (Abyss:1)
  A starspawn tentacle (Abyss:1)
83 creatures vanquished.

Vanquished Creatures (others)
  The ghost of jesusflecha the Destroyer, a novice DECj of Vehumet (D:8)
  A raiju (shapeshifter) (D:12)
  A fire bat (Abyss:1)
  A fire elemental (Orc:4)
  A small abomination (Abyss:1)
  5 sheep (D:4)
  A shadow imp (D:8)
  An orc (D:8)
  2 fulminant prisms (D:8)
  35 fungi
  A lurking horror (Abyss:1)
  13 plants
  15 starspawn tentacles (Abyss:1)
  44 starspawn tentacle segments (Abyss:1)
122 creatures vanquished.

Grand Total: 1213 creatures vanquished

Notes
Turn   | Place    | Note
--------------------------------------------------------------
     0 | D:1      | Jerry the Minotaur Warper began the quest for the Orb.
     0 | D:1      | Reached XP level 1. HP: 18/18 MP: 1/1
   258 | D:1      | Reached XP level 2. HP: 11/25 MP: 3/3
   893 | D:2      | Reached XP level 3. HP: 18/30 MP: 4/4
  1140 | D:2      | Reached skill level 3 in Maces & Flails
  1309 | D:2      | Reached XP level 4. HP: 13/37 MP: 5/5
  2158 | D:3      | Noticed Zeloya's ghost (amateur KoFi)
  2771 | D:3      | Reached XP level 5. HP: 40/42 MP: 6/6
  2842 | D:3      | Killed Zeloya's ghost
  2842 | D:3      | Reached skill level 4 in Maces & Flails
  3172 | D:4      | Reached XP level 6. HP: 38/50 MP: 7/7
  3279 | D:4      | Found a shimmering altar of Xom.
  3334 | D:4      | Found a sand-covered staircase.
  3345 | Ossuary  | Entered an ossuary
  3448 | Ossuary  | Noticed riffraff's ghost (amateur MiFi)
  3462 | Ossuary  | Killed riffraff's ghost
  3462 | Ossuary  | Reached skill level 5 in Maces & Flails
  3462 | Ossuary  | Reached XP level 7. HP: 5/56 MP: 8/8
  4055 | D:4      | Noticed Robin
  4092 | D:4      | Killed Robin
  4095 | D:4      | Reached skill level 5 in Armour
  4404 | D:4      | Found a sparkling altar of Nemelex Xobeh.
  4622 | D:5      | Entered Level 5 of the Dungeon
  4741 | D:5      | Reached skill level 5 in Dodging
  4745 | D:5      | Learned a level 2 spell: Blink
  4748 | D:5      | Learned a level 2 spell: Shroud of Golubria
  4767 | D:5      | Found a glowing golden altar of the Shining One.
  4806 | D:5      | Reached skill level 6 in Maces & Flails
  4833 | D:5      | Reached XP level 8. HP: 62/62 MP: 9/9
  4857 | D:5      | Found a glowing golden altar of the Shining One.
  4915 | D:5      | Noticed Eustachio
  4925 | D:5      | Killed Eustachio
  4952 | D:5      | Found a basalt altar of Yredelemnul.
  4986 | D:5      | Found a stormy altar of Qazlal.
  5092 | D:5      | Reached skill level 1 in Charms
  5483 | D:5      | Became a worshipper of the Shining One
  5595 | D:6      | Reached skill level 7 in Maces & Flails
  5658 | D:6      | Found a glowing silver altar of Zin.
  6289 | D:6      | Reached * piety under the Shining One
  6368 | D:6      | Reached XP level 9. HP: 62/68 MP: 10/10
  6745 | D:7      | Reached skill level 1 in Invocations
  6786 | D:7      | Reached skill level 8 in Maces & Flails
  6987 | D:7      | Found a deep blue altar of Sif Muna.
  7015 | D:7      | Found a staircase to the Ecumenical Temple.
  7300 | D:7      | Found an opulent altar of Gozag.
  7326 | D:7      | Found an iron altar of Okawaru.
  7496 | D:8      | Found a staircase to the Lair.
  7528 | D:8      | Reached skill level 1 in Shields
  7857 | D:8      | Noticed Erica
  7857 | D:8      | Noticed jesusflecha's ghost (novice DECj)
  7884 | D:8      | Killed jesusflecha's ghost
  7908 | D:8      | Killed Erica
  7908 | D:8      | Reached skill level 9 in Maces & Flails
  7908 | D:8      | Reached XP level 10. HP: 74/74 MP: 11/11
  8010 | D:8      | Noticed Maurice
  8038 | D:8      | Killed Maurice
  8123 | D:8      | Reached ** piety under the Shining One
  8698 | D:8      | Found a bloodstained altar of Trog.
  8799 | D:7      | Identified Sif Muna's Volume of Conjuration
  9051 | D:9      | Noticed a cyclops
  9055 | D:10     | Entered Level 10 of the Dungeon
  9246 | D:10     | Reached skill level 5 in Shields
  9377 | D:9      | Killed a cyclops
  9507 | D:9      | Reached skill level 10 in Maces & Flails
  9603 | D:9      | Reached skill level 10 in Armour
  9949 | D:10     | Reached XP level 11. HP: 78/78 MP: 13/13
 10398 | D:10     | Noticed Snorg
 10416 | D:10     | Killed Snorg
 10765 | Lair:1   | Entered Level 1 of the Lair of Beasts
 10951 | Lair:1   | Identified a scroll of acquirement
 11040 | Lair:1   | Reached skill level 10 in Dodging
 11410 | Lair:1   | Reached skill level 5 in Invocations
 12026 | Lair:2   | Reached skill level 11 in Maces & Flails
 12074 | Lair:2   | Noticed a seven-headed hydra
 12286 | Lair:2   | Killed a seven-headed hydra
 12798 | Lair:2   | Reached XP level 12. HP: 79/86 MP: 15/15
 13668 | Lair:2   | Gained mutation: Your mind is acute. (Int +2) [potion of beneficial mutation]
 13669 | Lair:2   | Gained mutation: You are robust (+10% HP). [potion of beneficial mutation]
 14234 | Lair:3   | Reached skill level 12 in Armour
 14574 | Lair:3   | Identified Romp's Collected Works on Creation
 15440 | Lair:4   | Reached skill level 10 in Shields
 15676 | Lair:4   | Reached XP level 13. HP: 81/103 MP: 17/17
 16106 | Lair:4   | Noticed Maud
 16108 | Lair:4   | Got a warped ring mail
 16127 | Lair:4   | Killed Maud
 16141 | Lair:4   | Identified the +1 ring mail "Wetofoyw" {rElec} (You found it on level 4 of the Lair of Beasts)
 17272 | Lair:5   | Reached skill level 5 in Fighting
 17306 | Lair:5   | Found a dark tunnel.
 17383 | Lair:5   | Reached skill level 13 in Armour
 17847 | Lair:6   | Found a staircase to the Shoals.
 17892 | Lair:6   | Found a labyrinth entrance.
 17911 | Lab      | Entered a labyrinth
 18167 | Lab      | Got a dazzling leather armour
 18189 | Lab      | Identified the +0 leather armour "Jereg" {MR+ Regen+ Slay+2} (You took it off a minotaur in a labyrinth)
 18260 | Lair:6   | Found a staircase to the Snake Pit.
 20172 | Lair:7   | Found a snail-covered altar of Cheibriados.
 20252 | Lair:7   | Reached XP level 14. HP: 124/124 MP: 18/18
 20349 | Lair:7   | Found a staircase to the Slime Pits.
 21367 | Lair:8   | Entered Level 8 of the Lair of Beasts
 21591 | Lair:8   | Reached skill level 14 in Armour
 22763 | Lair:8   | Found a burning altar of Makhleb.
 22823 | Lair:8   | Reached skill level 15 in Shields
 22988 | Lair:8   | Reached *** piety under the Shining One
 23241 | Lair:8   | Found a gateway to Hell.
 23668 | Lair:8   | Reached skill level 15 in Armour
 24589 | D:11     | Noticed Josephine
 24599 | D:11     | Killed Josephine
 24599 | D:11     | Reached XP level 15. HP: 136/136 MP: 19/19
 24780 | D:11     | Noticed Nergalle
 24793 | D:11     | Killed Nergalle
 24831 | D:11     | Noticed Grum
 24861 | D:11     | Killed Grum
 25067 | D:11     | Reached **** piety under the Shining One
 25514 | D:12     | Found a staircase to the Orcish Mines.
 25774 | D:12     | Found a blossoming altar of Fedhas.
 26025 | D:11     | Reached skill level 10 in Fighting
 26190 | D:12     | Gained mutation: Armour fits poorly on your strangely shaped body. [mutagenic meat]
 26193 | D:12     | Gained mutation: You are weak. (Str -2) [mutagenic meat]
 26195 | D:12     | Gained mutation: You have a pair of large horns on your head. [mutagenic meat]
 26196 | D:12     | Lost mutation: You are weak. (Str -2) [potion of cure mutation]
 26196 | D:12     | Lost mutation: You have a pair of large horns on your head. [potion of cure mutation]
 26196 | D:12     | Lost mutation: Armour fits poorly on your strangely shaped body. [potion of cure mutation]
 26196 | D:12     | Lost mutation: Your mind is acute. (Int +2) [potion of cure mutation]
 26397 | D:12     | Got a shimmering bone amulet
 26402 | D:12     | Identified the amulet "Dicko" {Spirit rF+} (You found it on level 12 of the Dungeon)
 26598 | D:12     | Reached ***** piety under the Shining One
 27039 | D:12     | Found a roughly hewn altar of Beogh.
 27457 | Orc:1    | Entered Level 1 of the Orcish Mines
 27588 | Orc:1    | Noticed Erolcha
 27599 | Orc:1    | Killed Erolcha
 27670 | Orc:1    | Noticed Harold
 27686 | Orc:1    | Killed Harold
 27757 | Orc:1    | Found Wuol's Antique Weapon Shoppe.
 27825 | Orc:1    | Found a roughly hewn altar of Beogh.
 27825 | Orc:1    | Found a roughly hewn altar of Beogh.
 28264 | Orc:2    | Found a runed door.
 28370 | Orc:2    | Found a roughly hewn altar of Beogh.
 29159 | Orc:4    | Entered Level 4 of the Orcish Mines
 29372 | Orc:4    | Reached skill level 16 in Armour
 29658 | Orc:4    | Found Wuxeicim's Jewellery Shop.
 30093 | Orc:4    | Found Xaesac's Gadget Shoppe.
 30096 | Orc:4    | Found Feseishra's Armour Shop.
 30146 | Orc:4    | Found Jibeussigyo's General Store.
 30376 | Orc:4    | Found a roughly hewn altar of Beogh.
 30424 | Orc:4    | Noticed Azrael
 30455 | Orc:4    | Killed Azrael
 30486 | Orc:4    | Found a staircase to the Elven Halls.
 30599 | Elf:1    | Entered Level 1 of the Elven Halls
 30730 | Elf:1    | Reached skill level 10 in Invocations
 30831 | Elf:1    | Found Ahat's Assorted Antiques.
 30836 | Elf:1    | Bought a heavily runed chain mail for 342 gold pieces
 30846 | Elf:1    | Identified the +8 chain mail of the Sun {rCorr Int+6} (You bought it in a shop on level 1 of the Elven Halls)
 30864 | Elf:1    | Cast into the Abyss (a deep elf sorcerer)
 30887 | Abyss:1  | Reached ****** piety under the Shining One
 30958 | Abyss:1  | Reached XP level 16. HP: 60/147 MP: 6/22
 31384 | Abyss:1  | Noticed a tentacled starspawn
 31395 | Abyss:1  | Found a corrupted altar of Lugonu.
 31448 | Abyss:1  | Found a corrupted altar of Lugonu.
 31621 | Abyss:1  | Noticed a tentacled starspawn
 31627 | Abyss:1  | Killed a tentacled starspawn
 31675 | Abyss:1  | Found a corrupted altar of Lugonu.
 31929 | Abyss:1  | Noticed a tentacled starspawn
 31940 | Abyss:1  | Killed a tentacled starspawn
 31988 | Abyss:1  | Found a corrupted altar of Lugonu.
 32001 | Abyss:1  | Noticed a tentacled starspawn
 32003 | Abyss:1  | Noticed a lich
 32008 | Abyss:1  | Killed a tentacled starspawn
 32022 | Abyss:1  | Killed a lich
 32085 | Abyss:1  | Noticed a tentacled starspawn
 32092 | Abyss:1  | Killed a tentacled starspawn
 32124 | Abyss:1  | Noticed a tentacled starspawn
 32132 | Abyss:1  | Killed a tentacled starspawn
 32439 | Abyss:1  | Noticed a tentacled monstrosity
 32453 | Abyss:1  | Killed a tentacled monstrosity
 32484 | Abyss:1  | Reached skill level 17 in Armour
 32559 | Abyss:1  | Noticed a tentacled starspawn
 32569 | Abyss:1  | Killed a tentacled starspawn
 32571 | Abyss:1  | Noticed a tentacled starspawn
 32577 | Abyss:1  | Killed a tentacled starspawn
 32581 | Abyss:1  | Noticed a lich
 32588 | Abyss:1  | Killed a lich
 32595 | Abyss:1  | Identified an uncursed sacred scourge of holy wrath {god gift} (an antimagic demon whip blessed by the Shining One)
 32595 | Abyss:1  | Received a gift from the Shining One
 32689 | Abyss:1  | Gained mutation: Your magical capacity is very low (-20% MP). [a neqoxec]
 32692 | Abyss:1  | HP: 2/147 [balrug/divine providence (9)]
 32699 | Abyss:1  | HP: 3/147 [daeva/divine providence (13)]
 32700 | Abyss:1  | Killed from afar by a daeva

Action                   |  1- 3 |  4- 6 |  7- 9 | 10-12 | 13-15 | 16-18 || total
-------------------------+-------+-------+-------+-------+-------+-------++-------
Melee: Mace              |    72 |    24 |       |       |       |       ||    96
       Whip              |       |   125 |   348 |   864 |  2329 |   350 ||  4016
       Sacred scourge    |       |       |       |       |       |    42 ||    42
Throw: Tomahawk          |       |     3 |     2 |       |       |       ||     5
       Javelin           |       |       |       |       |     3 |       ||     3
 Cast: Shroud of Golubri |       |       |       |    12 |    50 |     3 ||    65
Invok: Divine Shield     |       |       |       |    17 |    31 |    12 ||    60
       Summon Divine War |       |       |       |       |     1 |     8 ||     9
       Brand Weapon With |       |       |       |       |       |     1 ||     1
 Abil: Evoke Berserk Rag |       |       |     1 |     5 |       |       ||     6
Evoke: Wand              |       |       |     3 |       |     1 |     2 ||     6
       Deck              |       |       |       |       |     2 |       ||     2
  Use: Scroll            |       |     4 |    13 |     6 |     9 |       ||    32
       Potion            |       |     1 |     1 |     4 |     6 |    11 ||    23
 Stab: Petrifying        |       |       |       |       |     1 |       ||     1
  Eat: Chunk             |     1 |     7 |    14 |    32 |    60 |     4 ||   118
       Beef jerky        |       |       |       |       |     2 |       ||     2
       Fruit             |       |       |       |       |       |     6 ||     6
